 Dungeon Crawl Stone Soup version 0.29.1-2-gbd0b4ee654 (webtiles) character file.

Game seed: 9772704386904327061

66357 Fingal42 the Severer (level 15, -5/145 HPs)
             Began as a Hill Orc Fighter on Oct 26, 2022.
             Was a High Priest of Beogh.
             Slain by a tyrant leech (19 damage)
             ... called by a spriggan druid
             ... on level 1 of the Swamp on Oct 28, 2022.
             The game lasted 02:53:26 (36520 turns).

Fingal42 the Severer (Hill Orc Fighter)            Turns: 36520, Time: 02:53:27

Health: -5/145     AC: 22    Str: 27    XL:     15   Next: 19%
Magic:  15/15      EV:  9    Int:  8    God:    Beogh [*****.]
Gold:   534        SH: 12    Dex: 10    Spells: 14/14 levels left

rFire   + + .      SeeInvis .   o - +1 broad axe (flame)
rCold   . . .      Faith    .   c - +1 buckler
rNeg    . . .      Spirit   .   u - +0 plate armour
rPois   +          Reflect  +   p - +0 helmet
rElec   .          Harm     .   z - +1 cloak
rCorr   +          Rampage  .   M - +0 pair of gloves
Will    +....                   (no boots)
Stlth   ..........              r - amulet of reflection
HPRegen 0.34/turn               k - ring of resist corrosion
MPRegen 0.14/turn               t - ring "Nanaozax" {rPois rF++}

@: no status effects
A: walk on water
a: Renounce Religion, Smiting, Recall Orcish Followers, Give Item to Named
Follower


You were on level 1 of the Swamp.
You worshipped Beogh.
Beogh was extremely pleased with you.
You visited 5 branches of the dungeon, and saw 20 of its levels.
You also visited: Bailey.

You collected 1497 gold pieces.
You spent 963 gold pieces at shops.

Inventory:

Hand Weapons
 b - the +3 mace of Makhleb's Generosity {drain, rF+ Will++ rCorr Int+3}
   (You found it on level 1 of the Lair of Beasts)

   A truly terrible weapon, it drains the life of any living foe it strikes.
   Int:       It affects your intelligence (+3).
   rF:        It protects you from fire.
   rCorr:     It protects you from acid and corrosion.
   Will:      It greatly increases your willpower.
 f - a +1 longbow of flaming
 o - a +1 broad axe of flaming (weapon)
 q - the +5 whip "Taotaghu" {vamp, rF- rN+ Int+5}
   (You found it on level 2 of the Dungeon)

   It occasionally heals its wielder for a portion of the damage dealt when it
   wounds a living foe.
   Int:       It affects your intelligence (+5).
   rF:        It makes you vulnerable to fire.
   rN:        It protects you from negative energy.
Missiles
 i - 154 stones
 s - 33 boomerangs
 x - an atropa-tipped dart
 F - 9 poisoned darts (quivered)
Armour
 c - a +1 buckler (worn)
 p - a +0 helmet (worn)
 u - a +0 plate armour (worn)
 z - a +1 cloak (worn)
 D - a +1 pair of boots of flying
 M - a +0 pair of gloves (worn)
Jewellery
 e - a +4 ring of protection
 h - a ring of positive energy
 k - a ring of resist corrosion (left hand)
 r - an amulet of reflection (around neck)
 t - the ring "Nanaozax" (right hand) {rPois rF++}
   (You bought it in a shop on level 2 of the Orcish Mines)

   [ring of poison resistance]

   rF:        It greatly protects you from fire.
   rPois:     It protects you from poison.
 G - a ring of see invisible
 N - a ring of willpower
Wands
 d - a wand of roots (16)
 w - a wand of digging (5)
 y - a wand of flame (19)
 A - a wand of paralysis (3)
 E - a wand of quicksilver (1)
Scrolls
 a - 7 scrolls of identify
 l - a scroll of brand weapon
 m - 5 scrolls of teleportation
 H - 2 scrolls of magic mapping
 O - a scroll of blinking
 P - a scroll of amnesia
Potions
 g - 7 potions of flight
 n - a potion of berserk rage
 I - a potion of heal wounds
 J - a potion of ambrosia
 K - a potion of resistance


   Skills:
 * Level 16.7 Fighting
 - Level 18.0(18.3) Axes
 - Level 4.6(11.0) Maces & Flails
 + Level 14.2 Armour
 + Level 4.9 Dodging
 + Level 12.1 Shields


You had 14 spell levels left.
You didn't know any spells.
Your spell library contained the following spells:

 Spells                   Type           Power      Damage    Failure   Level
 Freeze                   Ice            0%         1d3       98%         1
 Necrotise                Necr           0%         1d4       98%         1
 Sting                    Tmut/Pois      0%         1d3       98%         1
 Passwall                 Tmut/Erth      0%         N/A       99%         2
 Confusing Touch          Hex            0%         N/A       100%        3
 Dazzling Flash           Conj/Hex       0%         N/A       100%        3
 Frozen Ramparts          Ice            0%         1d1       100%        3
 Summon Guardian Golem    Hex/Summ       0%         N/A       100%        3
 Vampiric Draining        Necr           0%         2d6       100%        3
 Corpse Rot               Necr/Pois/Air  0%         N/A       100%        4
 Fulminant Prism          Conj/Hex       0%         3d6       100%        4
 Hailstorm                Conj/Ice       0%         3d3       100%        4
 Leda's Liquefaction      Hex/Erth       0%         N/A       100%        4
 Summon Ice Beast         Ice/Summ       0%         N/A       100%        4
 Agony                    Necr           0%         N/A       100%        5
 Blade Hands              Tmut           0%         N/A       100%        5
 Freezing Cloud           Conj/Ice/Air   0%         6-21      100%        5
 Irradiate                Conj/Tmut      0%         3d11      100%        5
 Lee's Rapid Deconstruct  Erth           0%         3d5*      100%        5
 Summon Mana Viper        Hex/Summ       0%         N/A       100%        5
 Yara's Violent Unravell  Hex/Tmut       0%         3d3       100%        5
 Simulacrum               Ice/Necr       0%         N/A       100%        6
 Statue Form              Tmut/Erth      0%         N/A       100%        6
 Dragon Form              Tmut           0%         N/A       100%        7
 Enfeeble                 Hex            0%         N/A       100%        7
 Monstrous Menagerie      Summ           0%         N/A       100%        7
 Orb of Destruction       Conj           0%         9d5       100%        7
 Spellforged Servitor     Conj/Summ      0%         N/A       100%        7
 Polar Vortex             Ice            0%         N/A       100%        9


Dungeon Overview and Level Annotations

Branches:
Dungeon (11/15)            Temple (1/1) D:5            Lair (5/5) D:11
  Swamp (1/4) Lair:2        Snake (0/4) Lair:2        Slime (0/5) Lair:5
    Orc (2/2) D:11            Elf (0/3) Orc:2        Bailey (visited)

Altars:
Ashenzari
Cheibriados
Dithmenos
Elyvilon
Fedhas
Gozag
Hepliaklqana
Kikubaaqudgha
Makhleb
Nemelex Xobeh
Okawaru
Qazlal
Ru
Sif Muna
Trog
Uskayaw
Vehumet
Wu Jian
Xom
Yredelemnul
Zin
The Shining One
Beogh
Jiyva

Shops:
D:3 =   D:7 (   Orc:1 ?   Orc:2 =:[=

Annotations:
D:1 exclusion: downstairs
D:2 Sigmund
D:4 2 runed translucent doors, Arcadio's ghost, amateur MfMo
D:9 1 runed translucent door, 1 exclusion, enotiy's ghost, journeyman MiGl
Lair:1 exclusion: downstairs


Message History

You closely miss the swamp worm. You hit the spriggan druid.
You burn the spriggan druid.
The swamp worm bites you but does no damage.
The spriggan druid closely misses you.
You completely miss the swamp worm. You slash the spriggan druid!
You burn the spriggan druid. You slice the swamp worm!!
You burn the swamp worm! You block the swamp worm's attack.
Wulfoc barely misses the swamp worm.
The spriggan druid points at you and mumbles some strange words.
The stone arrow misses you.
The swamp worm bites you but does no damage.
You slice the spriggan druid!! You burn the spriggan druid.
With its final breath, the spriggan druid offers up its power to the beasts of the wild!
The swamp worm is healed.
The bunyip seems to grow more fierce.
The swamp worm seems to grow more fierce. x2
You kill the spriggan druid!
Beogh accepts your kill.
You closely miss the swamp worm. You slice the swamp worm!!
You burn the swamp worm.
You kill the swamp worm!
Beogh accepts your kill.
Your surroundings suddenly seem different.
A tyrant leech comes into view.
Found a gold wand.
You hit the tyrant leech. You burn the tyrant leech.
The tyrant leech is lightly wounded.
You miss the tyrant leech.
The tyrant leech is lightly wounded.
You block the tyrant leech's attack.
You closely miss the tyrant leech.
The tyrant leech is lightly wounded.
You slash the tyrant leech! You burn the tyrant leech.
The tyrant leech is moderately wounded.
The tyrant leech bites you but does no damage.
You hit the tyrant leech but do no damage.
The tyrant leech is moderately wounded.
You slash the tyrant leech! You burn the tyrant leech.
The tyrant leech is moderately wounded.
The tyrant leech bites you!!
You die...

♣♣♣♣~...♣ ~§~....♣
./..... . ....~
..♣ ..~♣ ... ♣.§♣
♣.. ♣.~♣
≈≈♣...♣♣♣..♣♣♣♣~.
.≈....~~@w..~~§.♣
~........~♣♣...~♣
.~♣♣~~.~..§§~§~..♣
♣♣♣♣~♣♣..§~~.§~
... .~~~~~~. ~~..
..~~~~~~ ♣..~♣
..~..~~~ ♣♣♣♣♣
..§~..


You could see a tyrant leech.

Vanquished Creatures
  Gastronok (Lair:1)
  An eleionoma (Swamp:1)
  8 hydras
  A death knight (D:11)
  A catoblepas (Lair:5)
  2 two-headed ogres
  A deep troll shaman (Lair:5)
  19 death yaks
  An orc high priest (Orc:2)
  3 skeletal warriors (D:10)
  A goliath frog (Swamp:1)
  A spriggan druid (Swamp:1)
  A bog body (Swamp:1)
  An orc knight (Orc:1)
  Pikel (D:6)
  2 orc sorcerers
  7 elephants (Lair:5)
  5 black mambas
  Maurice (D:9)
  A gargoyle (D:10)
  13 cane toads
  A torpor snail (Lair:2)
  4 komodo dragons
  4 rime drakes
  2 unseen horror zombies (D:10)
  5 trolls
  3 polar bears
  A hornet (D:8)
  Grinder (D:5)
  7 dream sheep (Lair:4)
  10 blink frogs
  A vampire (D:11)
  4 wyverns
  39 yaks
  4 basilisks
  5 vampire mosquitoes (Lair:1)
  A steam dragon (D:6)
  Eustachio (D:6)
  2 nagas (Lair:2)
  Edmund (D:6)
  An acid dragon (D:11)
  A swamp worm (Swamp:1)
  19 water moccasins
  13 orc warriors
  Duvessa (D:5)
  4 black bears
  2 ice beasts
  20 wolves
  5 ogres
  2 lemures (D:6)
  5 centaurs
  2 kobold brigands
  A necrophage (D:7)
  9 bullfrogs
  A scorpion (D:5)
  Dowan (D:5)
  12 wights
  12 killer bees
  6 howler monkeys
  2 vampire bats (D:5)
  7 centaur zombies (D:10)
  A hound (D:6)
  6 orc priests
  A jelly (D:7)
  An iguana (D:6)
  6 orc wizards
  8 hell rats (Lair:1)
  2 howler monkey zombies (D:10)
  6 gnolls
  3 adders
  An ufetubus (D:5)
  A worm (D:5)
  4 dart slugs
  40 orcs
  10 ball pythons
  5 bats
  3 bat skeletons (D:5)
  2 bat zombies (D:5)
  6 endoplasms
  4 giant cockroaches
  12 goblins
  9 hobgoblins
  6 jackals
  A quokka (D:5)
  5 frilled lizards
  25 kobolds
  5 rats
  A bush (Lair:5)
468 creatures vanquished.

Vanquished Creatures (collateral kills)
  A bunyip (Swamp:1)
  A two-headed ogre (Orc:2)
  3 death yaks (Lair:5)
  2 orc high priests (Orc:2)
  3 orc knights (Orc:2)
  An orc sorcerer (Orc:2)
  An elephant (Lair:5)
  A komodo dragon (Lair:2)
  A troll (Orc:2)
  A polar bear (Lair:5)
  A blink frog (Lair:5)
  6 yaks
  A basilisk (Lair:5)
  A vampire mosquito (Lair:2)
  A warg (Orc:2)
  An orc warrior (Orc:2)
  2 orc priests (Orc:2)
  3 orc wizards (Orc:2)
  3 orcs (Orc:2)
34 creatures vanquished.

Vanquished Creatures (others)
  Nessos (Orc:2)
  2 orc sorcerers (Orc:2)
  2 orc knights
  5 orc warriors
  5 orc priests
  4 orc wizards
  16 orcs
  A bush (Lair:2)
  43 fungi
  73 plants
152 creatures vanquished.

Grand Total: 654 creatures vanquished

Notes
Turn   | Place    | Note
-------+----------+-------------------------------------------
     0 | D:1      | Fingal42 the Hill Orc Fighter began the quest for the Orb.
     0 | D:1      | Reached XP level 1. HP: 19/19 MP: 1/1
    33 | D:1      | Reached skill level 3 in Axes
   222 | D:1      | Reached XP level 2. HP: 26/26 MP: 2/2
   249 | D:1      | Reached skill level 4 in Axes
   470 | D:1      | Reached XP level 3. HP: 30/31 MP: 3/3
   742 | D:1      | Found a faded altar of an unknown god.
  1057 | D:2      | Noticed Sigmund
  1132 | D:2      | Identified the +5 whip "Taotaghu" {vamp, rF- rN+ Int+5}
  1173 | D:3      | Reached skill level 5 in Axes
  1432 | D:3      | Reached XP level 4. HP: 39/39 MP: 4/4
  1486 | D:3      | Found Nighafyv's Jewellery Emporium.
  1759 | D:4      | Found a sacrificial altar of Ru.
  1761 | D:4      | You fall into a shaft and drop 2 floors!
  1785 | D:5      | Entered Level 5 of the Dungeon
  1817 | D:4      | Reached skill level 1 in Maces & Flails
  1974 | D:4      | Found a large runed translucent door.
  1976 | D:4      | Found a large runed translucent door.
  1981 | D:4      | Noticed Arcadio's ghost (amateur MfMo)
  2018 | D:4      | Found a snail-covered altar of Cheibriados.
  2180 | D:4      | Reached XP level 5. HP: 22/45 MP: 5/5
  2940 | D:3      | Reached XP level 6. HP: 28/48 MP: 6/6
  3926 | D:5      | Noticed Grinder
  3936 | D:5      | Killed Grinder
  3937 | D:5      | Reached skill level 6 in Axes
  3937 | D:5      | Reached skill level 5 in Armour
  3937 | D:5      | Reached XP level 7. HP: 59/59 MP: 7/7
  3980 | D:5      | Found a radiant altar of Vehumet.
  3980 | D:5      | Found a faded altar of an unknown god.
  3988 | D:5      | Found an opulent altar of Gozag.
  3990 | D:5      | Found a broken altar of Ashenzari.
  3992 | D:5      | Found a faded altar of an unknown god.
  4564 | D:5      | Found a staircase to the Ecumenical Temple.
  4574 | Temple   | Entered the Ecumenical Temple
  4881 | D:5      | Reached skill level 7 in Axes
  5005 | D:5      | Noticed Duvessa
  5005 | D:5      | Noticed Dowan
  5048 | D:5      | Killed Duvessa
  5053 | D:5      | Reached skill level 5 in Fighting
  5056 | D:5      | Killed Dowan
  5057 | D:5      | Reached XP level 8. HP: 28/68 MP: 8/8
  5264 | D:5      | Found an ancient bone altar of Kikubaaqudgha.
  5543 | D:6      | Reached skill level 8 in Axes
  5795 | D:6      | Noticed Pikel
  5816 | D:6      | Killed Pikel
  5817 | D:6      | Reached skill level 9 in Axes
  5923 | D:6      | Reached skill level 10 in Axes
  5923 | D:6      | Reached XP level 9. HP: 74/78 MP: 9/9
  6093 | D:6      | Noticed Eustachio
  6097 | D:6      | Became a worshipper of Beogh the Brigand
  6120 | D:6      | Noticed Edmund
  6123 | D:6      | Killed Eustachio
  6152 | D:6      | Killed Edmund
  6639 | D:7      | Found a shimmering blue altar of Sif Muna.
  6798 | D:7      | Reached skill level 11 in Axes
  6856 | D:7      | Reached * piety under Beogh
  6988 | D:7      | Found an ornate altar of the Wu Jian Council.
  6993 | D:7      | Found Xumuol's Firing Range.
  7001 | D:7      | Noticed a spectral centipede
  8090 | D:8      | Reached skill level 12 in Axes
  8308 | D:8      | Found a flagged portal.
  8349 | Bailey   | Entered a bailey
  8495 | Bailey   | Reached XP level 10. HP: 78/88 MP: 10/10
  8561 | Bailey   | Reached ** piety under Beogh
  8705 | Bailey   | Got Sif Muna's Essays on Charming Evolution
  9468 | D:8      | Found a shimmering altar of Xom.
  9779 | D:8      | Paralysed by a hornet for 2 turns
 10076 | D:9      | Reached skill level 13 in Axes
 10122 | D:9      | Noticed a two-headed ogre
 10536 | D:9      | Noticed Maurice
 10564 | D:9      | Killed a two-headed ogre
 10565 | D:9      | Reached skill level 14 in Axes
 10565 | D:9      | Reached skill level 5 in Shields
 10565 | D:9      | Reached XP level 11. HP: 49/97 MP: 6/11
 11354 | D:10     | Entered Level 10 of the Dungeon
 11871 | D:10     | Noticed a skeletal warrior
 11871 | D:10     | Noticed a skeletal warrior
 11874 | D:10     | Noticed a skeletal warrior
 12007 | D:9      | Found a runed translucent door.
 12008 | D:9      | Noticed enotiy's ghost (journeyman MiGl)
 12060 | D:9      | Killed Maurice
 12061 | D:9      | Reached skill level 10 in Fighting
 12343 | D:3      | Bought a ring of positive energy for 220 gold pieces
 12343 | D:3      | Bought a ring of see invisible for 165 gold pieces
 12885 | D:9      | Found a glowing golden altar of the Shining One.
 13141 | D:10     | Killed a skeletal warrior
 13142 | D:10     | Reached skill level 15 in Axes
 13142 | D:10     | Reached skill level 10 in Armour
 13957 | D:10     | Found a basalt altar of Yredelemnul.
 14336 | D:10     | Killed a skeletal warrior
 14753 | D:10     | Killed a skeletal warrior
 15160 | D:10     | Found a sparkling altar of Nemelex Xobeh.
 15284 | D:11     | Identified the +1 dagger of Charity {vorpal, rN+ rCorr}
 15526 | D:11     | Reached skill level 16 in Axes
 15532 | D:11     | Reached XP level 12. HP: 78/108 MP: 12/12
 15971 | D:11     | Noticed a death knight
 16273 | D:11     | Noticed a six-headed hydra
 16274 | D:11     | Found a staircase to the Lair.
 16274 | D:11     | Noticed a death yak
 16984 | D:11     | Killed a death yak
 17160 | D:11     | Killed a six-headed hydra
 17468 | D:11     | Found a staircase to the Orcish Mines.
 17479 | Orc:1    | Entered Level 1 of the Orcish Mines
 17647 | Orc:2    | Entered Level 2 of the Orcish Mines
 17671 | Orc:2    | Noticed Nessos
 17679 | Orc:2    | HP: 4/110 [Nessos/arrow (9)]
 18601 | D:11     | Noticed a two-headed ogre
 18620 | D:11     | Killed a two-headed ogre
 18983 | D:11     | Killed a death knight
 19439 | D:11     | Noticed a six-headed hydra
 19464 | D:11     | Killed a six-headed hydra
 20172 | Lair:1   | Entered Level 1 of the Lair of Beasts
 20187 | Lair:1   | Noticed Gastronok
 20203 | Lair:1   | Reached skill level 17 in Axes
 20219 | Lair:1   | Killed Gastronok
 20571 | Lair:1   | Identified the +3 mace of Makhleb's Generosity {drain, rF+
                  | Will++ rCorr Int+3}
 20817 | Lair:1   | Got Abexur's Spellbook of Injurious Pollution
 21030 | Lair:1   | Reached *** piety under Beogh
 22132 | Lair:2   | Noticed a death yak
 22132 | Lair:2   | Noticed a death yak
 22139 | Lair:2   | Noticed a death yak
 22144 | Lair:2   | Noticed a death yak
 22724 | Lair:2   | Reached XP level 13. HP: 109/118 MP: 13/13
 23652 | Lair:2   | Found a staircase to the Snake Pit.
 24354 | Lair:2   | Found a staircase to the Swamp.
 26171 | Lair:3   | Reached skill level 10 in Shields
 27208 | Lair:4   | Identified the +1 scale mail "Dasiq" {Str+3}
 27607 | Lair:4   | Reached skill level 18 in Axes
 27729 | Lair:4   | Reached **** piety under Beogh
 28192 | Lair:5   | Entered Level 5 of the Lair of Beasts
 28931 | Lair:5   | Reached skill level 1 in Dodging
 29283 | Lair:5   | Reached XP level 14. HP: 92/132 MP: 14/14
 30882 | Lair:5   | Found a viscous altar of Jiyva.
 30883 | Lair:5   | Found a staircase to the Slime Pits.
 30899 | Lair:5   | Gained Agrik as an ally
 30907 | Lair:5   | Reached skill level 15 in Fighting
 30913 | Lair:5   | Your ally Agrik died
 32588 | Orc:2    | Killed Nessos
 33035 | Orc:2    | Reached ***** piety under Beogh
 33784 | Orc:2    | Found a staircase to the Elven Halls.
 33837 | Orc:2    | Found Mofug's Jewellery Emporium.
 33837 | Orc:2    | Found Unnigoph's Jewellery Boutique.
 34031 | Orc:2    | Found Fuheh's Book Boutique.
 34031 | Orc:2    | Found Teufeol's Antique Armour Emporium.
 34040 | Orc:2    | Bought the ring "Nanaozax" {rPois rF++} for 578 gold pieces
 35311 | Orc:1    | Found a roughly hewn altar of Beogh.
 35367 | Orc:1    | Found Ringuso's Magic Scroll Shoppe.
 35579 | Lair:1   | Reached XP level 15. HP: 139/144 MP: 15/15
 35596 | Lair:1   | Gained Wulfoc as an ally
 36273 | Swamp:1  | Entered Level 1 of the Swamp
 36514 | Swamp:1  | Your ally Wulfoc died
 36520 | Swamp:1  | Slain by a tyrant leech

Illustrated notes

Levels and vault maps discovered:
D:1:      lemuel_arrival_rhombus, layout_rooms, chequers_ecumenical_altar_lobes
D:2:      layout_basic, uniq_sigmund
D:3:      layout_rooms, serial_shops, shop, minmay_splitting_lines,
          minmay_misc_feat_doors
D:4:      layout_rooms, kennysheep_slug_shrine, nicolae_ru_awakened_eye,
          ebering_ghost_disaster_area
D:5:      layout_loops_ring, kennysheep_vampire_church,
          chequers_temple_overflow_minitemple,
          minmay_temple_entry_gardened_gates, uniq_grinder, uniq_duvessa
D:6:      layout_cave_pods, uniq_edmund, uniq_eustachio, uniq_pikel
D:7:      layout_layer_cave, pdpol_wu_jian_five_deadly_venoms,
          lemuel_crystal_altar, minmay_misc_feat_rows, nicolae_shop_firing_range
D:8:      layout_basic, mainiacjoe_overflow_tiny_flanked, serial_aquarium,
          aquarium_bridge_straight [aquarium_subvault_bridge,
          aquarium_subvault_window, aquarium_subvault_bridge,
          aquarium_subvault_window], aquarium_bridge_square
          [aquarium_subvault_balcony, aquarium_subvault_wall,
          aquarium_subvault_bridge, aquarium_subvault_wall],
          aquarium_window_fake, aquarium_window_1, aquarium_view_2a,
          aquarium_pool_corner, enter_bailey_5
D:9:      layout_basic, nicolae_tso_swordbearing_angel,
          ebering_ghost_reflecting_pool, uniq_maurice
D:10:     layout_big_octagon, general_overflow_altar,
          nicolae_yredelemnul_corpse_copse
D:11:     layout_loops_ring, david_lair_generic, hiddenorc1_lemuel,
          kennysheep_dice
Temple:   hellmonk_temple_beads
Lair:1:   layout_gridlike, uniq_gastronok
Lair:2:   layout_long_grid, minmay_swamp_entry_swarm,
          guppyfry_snake_entry_island
Lair:3:   cheibrodos_lair_river_kwai, layout_loops_ring
Lair:4:   layout_gridlike, minmay_stone_trees_small,
          infiniplex_staircase_pool_2, grunt_megastairs_5
Lair:5:   grunt_lair_end_beastmaster, layout_concentric_octagons, slime_entry_1
Swamp:1:  nicolae_swamp_standing_stones, layout_basic_swamp,
          hangedman_swamp_blocks, swamp_pool1, uniq_nikola
Orc:1:    layout_caves, basic_altar, serial_shops, shop_scrolls,
          ebering_ghost_reflecting_pool
Orc:2:    grunt_orc_tribal_feast, layout_caves, statue_in_the_mist_lemuel,
          nicolae_orc_crystal_geode, uniq_nessos

Skill      XL: |  1  2  3  4  5  6  7  8  9 10 11 12 13 14 15 |
---------------+----------------------------------------------+-----
Axes           | 3 4 5 6 7 10 12 14 16 17 18 | 18.0
Maces & Flails | 2 3 4 |  4.6
Armour         | 4 5 7 8 9 10 11 13 14 | 14.2
Fighting       | 4 5 6 8 9 10 12 14 16 | 16.7
Shields        | 5 7 8 10 11 12 | 12.1
Dodging        | 1 4 |  4.9

Action                   |  1- 3 |  4- 6 |  7- 9 | 10-12 | 13-15 || total
-------------------------+-------+-------+-------+-------+-------++-------
Melee: War axe           |   104 |       |   199 |   206 |       ||   509
       Whip              |    17 |    99 |    99 |    56 |       ||   271
       Broad axe         |       |       |       |   411 |   634 ||  1045
       Mace              |       |       |       |       |    28 ||    28
Throw: Stone             |     4 |       |       |     2 |       ||     6
       Boomerang         |       |       |     6 |       |    15 ||    21
       Dart              |       |       |       |    24 |     4 ||    28
Invok: Convert to Beogh  |       |       |     1 |       |       ||     1
       Smiting           |       |       |       |     8 |       ||     8
       Recall Orcish Fol |       |       |       |       |     2 ||     2
Evoke: Wand              |       |     1 |    10 |    15 |     3 ||    29
  Use: Potion            |       |     7 |     3 |     8 |     3 ||    21
       Scroll            |       |       |    12 |    18 |     5 ||    35
 Stab: Paralysed         |       |       |       |     2 |     4 ||     6
       Petrified         |       |       |       |       |    10 ||    10
       Distracted        |       |       |       |       |     1 ||     1
Armor: Scale mail        |    31 |       |       |       |       ||    31
       Chain mail        |    45 |    41 |   131 |   340 |   258 ||   815
       Plate armour      |       |       |       |       |    41 ||    41
Dodge: Dodged            |    50 |    27 |    86 |   227 |   162 ||   552
Block: Buckler           |    39 |    54 |   137 |   377 |   387 ||   994
       Reflection        |       |     4 |     9 |    17 |    12 ||    42
